 Dungeon Crawl Stone Soup version 0.21.1-1-g345015fe64 (webtiles) character file.

58 Kohma the Insei (level 3, -4/28 HPs)
             Began as a Draconian Transmuter on June 24, 2018.
             Killed by divine providence
             ... invoked by an orc priest
              (13 damage)
             ... on level 3 of the Dungeon.
             The game lasted 00:07:47 (2895 turns).

Kohma the Insei (Draconian Transmuter)              Turns: 2895, Time: 00:07:48

Health: -4/28      AC:  6    Str: 12    XL:     3   Next: 76%
Magic:  1/6        EV: 12    Int: 13    God:
Gold:   128        SH:  0    Dex: 12    Spells: 3/6 levels left

rFire    . . .     SeeInvis .     - Unarmed
rCold    . . .     Gourm    .   (no shield)
rNeg     . . .     Faith    .   (armour unavailable)
rPois    .         Spirit   .   (helmet restricted)
rElec    .         Reflect  .   (no cloak)
rCorr    .         Harm     .   (no gloves)
MR       .....                  h - +0 pair of boots
Stlth    +.........             (no amulet)
HPRegen  0.09/turn              (no ring)
MPRegen  0.10/turn              (no ring)

@: no status effects
A: unfitting armour, cold-blooded, AC +5
a: no special abilities


You were on level 3 of the Dungeon.
You were not hungry.

You visited 1 branch of the dungeon, and saw 3 of its levels.

You collected 128 gold pieces.

Inventory:

Hand Weapons
 p - a +1 dagger of electrocution
 s - a +1 dagger of venom
Missiles
 a - 46 arrows
 m - 18 sling bullets
Armour
 h - a +0 pair of boots (worn)
Jewellery
 q - a cursed amulet of faith {unknown}
Scrolls
 d - a scroll of enchant weapon {unknown}
 f - a scroll of blinking {unknown}
 g - 3 scrolls of remove curse {unknown}
 o - a scroll of fog {unknown}
 t - a scroll of amnesia {unknown}
 u - 3 scrolls of identify {unknown}
 v - a scroll of fear {unknown}
Potions
 e - a potion of ambrosia {unknown}
 i - a potion of flight {unknown}
 j - a potion of degeneration {unknown}
 k - 2 potions of brilliance {unknown}
 l - a potion of curing {unknown}
 n - 2 potions of haste {unknown}
 r - a potion of heal wounds {unknown}
Books
 b - a book of Changes

   Spells                             Type                      Level
   a - Beastly Appendage              Transmutation                1
   b - Sticks to Snakes               Transmutation                2
   c - Spider Form                    Transmutation/Poison         3
   d - Ice Form                       Ice/Transmutation            4
   e - Blade Hands                    Transmutation                5
Comestibles
 c - a chunk of flesh


   Skills:
 - Level 1.1 Fighting
 + Level 2.1 Dodging
 * Level 3.6 Unarmed Combat
 + Level 2.3 Spellcasting
 * Level 2.8 Transmutations


You had 3 spell levels left.
You knew the following spells:

 Your Spells              Type           Power        Failure   Level  Hunger
a - Beastly Appendage     Tmut           #.....       8%          1    #......
b - Sticks to Snakes      Tmut           #.......     12%         2    ###....


Dungeon Overview and Level Annotations

Branches:
Dungeon (3/15)

Altars:
Ashenzari


Innate Abilities, Weirdness & Mutations

Your plain brown scales are hard. (AC +5)
You cannot fit into any form of body armour.
You are cold-blooded and may be slowed by cold attacks.


Message History

Your ball python bites the orc but does no damage.
Your ball python grabs the orc.
Your ball python constricts the orc.
You punch the orc!
You kill the orc!
The orc priest hits your adder with a mace.
Your adder dies!
The orc wizard hits you but does no damage.
The orc hits your ball python with a dagger of speed.
Your ball python dies!
The orc shouts!
You barely miss the orc.
The orc is almost dead.
The orc dies!
The orc wizard barely misses you.
You hit the orc wizard but do no damage.
The orc wizard is heavily wounded.
The orc wizard hits you but does no damage.
The orc priest invokes the aid of Beogh against you.
Beogh smites you!
You die...

#.##
#...##
##.....##
#........
#......##
#.......#
##o#
###))#
#..o@#
#.#..#
#ยง##.#
#.##...
#.##.##.
#.##.# #
#.##.## #
#.#...#.#
#.#.....#


You could see an orc priest and an orc wizard.

Vanquished Creatures
  An adder (D:2)
  An ooze (D:2)
  A worm (D:2)
  2 leopard geckos
  2 orcs (D:3)
  2 giant cockroaches (D:1)
  4 goblins (D:1)
  3 hobgoblins
  6 kobolds
  6 bats (D:1)
  7 frilled lizards
  6 rats
41 creatures vanquished.

Vanquished Creatures (collateral kills)
  An orc (D:3)
  A bat (D:2)
  A goblin (D:2)
  A kobold (D:2)
4 creatures vanquished.

Grand Total: 45 creatures vanquished

Notes
Turn   | Place    | Note
-------+----------+-------------------------------------------
     0 | D:1      | Kohma the Draconian Transmuter began the quest for the Orb.
     0 | D:1      | Reached XP level 1. HP: 16/16 MP: 3/3
   252 | D:1      | Reached XP level 2. HP: 22/23 MP: 5/5
  1136 | D:1      | Learned a level 2 spell: Sticks to Snakes
  1764 | D:2      | Reached XP level 3. HP: 28/28 MP: 6/6
  1922 | D:2      | Found a shattered altar of Ashenzari.
  2895 | D:3      | Killed from afar by an orc priest

Skill      XL: |  1  2 |
---------------+-------+-----
Dodging        | 2 |  2.1
Fighting       | |  1.1
Unarmed Combat | |  3.6
Spellcasting   | |  2.3
Transmutations | |  2.8

Action                   || total
-------------------------++-------
Melee: Unarmed           ||   191
       Tailslap          ||    19
       Kick              ||     1
       Headbutt          ||     1
       Punch             ||     1
 Cast: Beastly Appendage ||     4
       Sticks to Snakes  ||     6
 Stab: Sleeping          ||     1
  Eat: Chunk             ||     5
       Ration            ||     1
Armor: Skin              ||    74
Dodge: Dodged            ||   174
